 Dungeon Crawl Stone Soup version 0.23.2-1-ga50397a6bc (webtiles) character file.

Game seed: 5226716117475444806

41 Mrkan the Chucker (level 3, 0/35 HPs)
             Began as a Troll Hunter on May 21, 2019.
             Was an Initiate of Okawaru.
             Killed from afar by Sigmund (2 damage)
             ... with a puff of flame
             ... on level 2 of the Dungeon.
             The game lasted 00:02:32 (840 turns).

Mrkan the Chucker (Troll Hunter)                     Turns: 840, Time: 00:02:32

Health: 0/35       AC:  6    Str: 20    XL:     3   Next: 32%
Magic:  2/2        EV: 10    Int:  7    God:    Okawaru [......]
Gold:   41         SH:  0    Dex: 11    Spells: 2/2 levels left

rFire    . . .     SeeInvis .     - Unarmed
rCold    . . .     Gourm    +   (no shield)
rNeg     . . .     Faith    .   b - +0 robe
rPois    .         Spirit   .   (helmet restricted)
rElec    .         Reflect  .   (no cloak)
rCorr    .         Harm     .   (gloves unavailable)
MR       .....                  (boots unavailable)
Stlth    +.........             (no amulet)
HPRegen  0.51/turn              (no ring)
MPRegen  0.08/turn              (no ring)

@: no status effects
A: large, unfitting armour, claws 3, fast metabolism 3, gourmand, regeneration
1, shaggy fur 1, tough skin 3
a: Renounce Religion


You were on level 2 of the Dungeon.
You worshipped Okawaru.
Okawaru was noncommittal.
You were full.

You visited 1 branch of the dungeon, and saw 2 of its levels.

You collected 41 gold pieces.

Inventory:

Missiles
 c - 3 large rocks (quivered)
 d - 2 throwing nets
Armour
 b - a +0 robe (worn)
 k - a +0 shield
Scrolls
 a - 2 scrolls of identify {unknown}
 i - a scroll of amnesia {unknown}
 l - a scroll of enchant armour {unknown}
Potions
 e - a potion of flight {unknown}
 g - 3 potions of curing {unknown}
 h - a potion of agility {unknown}
 j - a potion of brilliance {unknown}
Comestibles
 f - 6 rations


   Skills:
 + Level 2.1 Fighting
 - Level 3.6 Throwing
 - Level 1.5 Dodging
 - Level 0.3 Stealth
 * Level 2.4 Unarmed Combat


You had 2 spell levels left.
You didn't know any spells.
Your spell library was empty.

Dungeon Overview and Level Annotations

Branches:
Dungeon (2/15)

Altars:
Okawaru
Qazlal
Sif Muna

Annotations:
D:2 Sigmund


Innate Abilities, Weirdness & Mutations

You are too large for most types of armour.
You have claws for hands.
Your metabolism is lightning-fast.
You like to eat raw meat.
Your natural rate of healing is unusually fast.
You are covered in fur. (AC +1)
You have extremely tough skin. (AC +3)


Message History

You closely miss something.
An adder comes into view.
You completely miss something.
The adder hisses angrily.
An ooze comes into view.
Something hits you but does no damage.
You miss something. You closely miss something.
Something hits you but does no damage. Something hits you.
* * * LOW HITPOINT WARNING * * *
Found an emerald potion and 13 stones.
You bump into the rock wall.
You feel less confused.
You scratch something. Something hits you.
* * * LOW HITPOINT WARNING * * *
You closely miss something.
You hear some strange, mumbled words.
A puff of flame appears from out of thin air!
The puff of flame hits you.
You die...

#...###...........##.###.
... ##........#.#.## ## #
#......#.#.#..###.
#.#............#.#
#.##.#.###.#.#..## (
#.##.#.# #.#.#..## !..
#.##.#.# ....#...รท
....J##.##.........#.###
....bb{@# #.##.##.#.
.....#### .. ..#. ...S ##
##. (.. #. #. #. .


You could see an ooze and 2 bats.

Vanquished Creatures
  An adder (D:2)
  An ooze (D:1)
  A dart slug (D:1)
  5 goblins
  4 hobgoblins (D:1)
  3 bats (D:1)
  A frilled lizard (D:1)
  2 kobolds (D:1)
  10 rats
28 creatures vanquished.

Notes
Turn   | Place    | Note
-------+----------+-------------------------------------------
     0 | D:1      | Mrkan the Troll Hunter began the quest for the Orb.
     0 | D:1      | Reached XP level 1. HP: 19/19 MP: 0/0
   207 | D:1      | Reached skill level 1 in Unarmed Combat
   217 | D:1      | Reached XP level 2. HP: 20/28 MP: 1/1
   617 | D:2      | Reached XP level 3. HP: 27/35 MP: 2/2
   688 | D:2      | Found a deep blue altar of Sif Muna.
   688 | D:2      | Found a stormy altar of Qazlal.
   689 | D:2      | Found an iron altar of Okawaru.
   698 | D:2      | Became a worshipper of Warmaster Okawaru
   811 | D:2      | Noticed Sigmund
   839 | D:2      | HP: 1/35 [something (2)]
   840 | D:2      | Killed from afar by Sigmund

Skill      XL: |  1  2 |
---------------+-------+-----
Unarmed Combat | 1 2 |  2.4
Fighting       | 2 |  2.1
Throwing       | |  3.6
Dodging        | |  1.5
Stealth        | |  0.3

Action                   || total
-------------------------++-------
Melee: Unarmed           ||    85
Throw: Large rock        ||     2
  Eat: Chunk             ||    10
Armor: Robe              ||    39
Dodge: Dodged            ||    45
